 Dungeon Crawl Stone Soup version 0.30-a0-451-ge042605de7 (webtiles) character file.

Game seed: 6606791925728430546

3239 Sabo the Cudgeller (level 9, -1/68 HPs)
             Began as a Demonspawn Berserker on Dec 11, 2022.
             Was an Elder of Trog.
             Slain by an orc
             ... wielding a +0 trident
              (6 damage)
             ... on level 7 of the Dungeon.
             The game lasted 00:37:50 (6483 turns).

Sabo the Cudgeller (Demonspawn Berserker)           Turns: 6483, Time: 00:37:51

Health: -1/68      AC: 14    Str: 22    XL:     9   Next: 67%
Magic:  9/9        EV:  9    Int:  9    God:    Trog [****..]
Gold:   329        SH:  0    Dex: 12    Spells: 8/8 levels left

rFire   . . .      SeeInvis .    k - +9 club
rCold   . . .      Faith    .    (no shield)
rNeg    . . .      Spirit   .    p - +2 chain mail {Will+}
rPois   .          Reflect  .    (no helmet)
rElec   .          Harm     .    (no cloak)
rCorr   .          Rampage  .    (no gloves)
Will    +....                    (no boots)
Stlth   ..........               i - amulet of the acrobat
HPRegen 0.31/turn                d - +4 ring of slaying
MPRegen 0.11/turn                z - +4 ring of protection

@: corroded, on berserk cooldown, slowed, very slow
A: icy blue scales 1, foul stench 1
a: Renounce Religion, Berserk, Trog's Hand, Brothers in Arms


You were on level 7 of the Dungeon.
You worshipped Trog.
Trog was greatly pleased with you.
You visited 1 branch of the dungeon, and saw 7 of its levels.

You collected 329 gold pieces.

Inventory:

Hand Weapons
 a - a +1 hand axe
 k - a +9 club (weapon)
 y - a +2 antimagic flail
Missiles
 r - 5 poisoned darts (quivered)
 t - 5 atropa-tipped darts
 D - 4 boomerangs
Armour
 p - a +2 chain mail of willpower (worn)
 u - a scarf of harm
Jewellery
 d - a +4 ring of slaying (left hand)
 i - an amulet of the acrobat (around neck)
 m - a ring of ice
 q - a ring of see invisible
 z - a +4 ring of protection (right hand)
Wands
 o - a wand of iceblast (3)
 v - a wand of paralysis (18)
Scrolls
 c - 2 scrolls of teleportation
 g - 2 scrolls of blinking
 h - a scroll of butterflies {unknown}
 n - a scroll of poison {unknown}
 w - 2 scrolls of magic mapping
 A - a scroll of torment {unknown}
 E - a scroll of fog {unknown}
Potions
 b - a potion of curing
 e - a potion of cancellation {unknown}
 f - 2 potions of brilliance {unknown}
 j - 2 potions of haste {unknown}
 l - a potion of mutation {unknown}
 s - a potion of ambrosia {unknown}
 x - a potion of degeneration {unknown}
 B - a potion of flight {unknown}
 C - a potion of attraction {unknown}


   Skills:
 + Level 5.3 Fighting
 + Level 4.0(6.4) Axes
 + Level 7.9(8.3) Maces & Flails
 + Level 0.7 Throwing
 + Level 7.2 Armour
 + Level 3.0 Dodging
 + Level 3.3 Stealth
 + Level 0.4 Evocations


You had 8 spell levels left.
You didn't know any spells.
Your spell library was empty.

Dungeon Overview and Level Annotations

Branches:
Dungeon (7/15)             Temple (0/1) D:7

Altars:
Ashenzari
Dithmenos
Okawaru

Shops:
D:3 (   D:6 *


Innate Abilities, Weirdness & Mutations

You are partially covered in icy blue scales. (AC +2)
You may rarely emit foul miasma when damaged in melee.


Message History

Trog appreciates your killing of a magic user.
Reactivating autopickup.
You feel a bit more experienced.
You are no longer berserk.
You are exhausted.
You feel yourself slow down.
You feel better. Something hits you but does no damage.
Deactivating autopickup; reactivate with Ctrl-A.
The gnoll completely misses you. Something hits you but does no damage.
The orc barely misses you. Something hits you but does no damage.
The orc hits you but does no damage.
The gnoll hits you but does no damage. x2
Something hits you but does no damage.
You feel better. Something hits you but does no damage.
The gnoll barely misses you.
The orc hits you from afar with a +0 trident.
* * * LOW HITPOINT WARNING * * *
Something hits you but does no damage.
You hit the gnoll.
The gnoll is moderately wounded.
Something hits you but does no damage.
The gnoll hits you from afar with a +0 halberd.
* * * LOW HITPOINT WARNING * * *
The gnoll hits you but does no damage. The jelly hits you.
* * * LOW HITPOINT WARNING * * *
The acid corrodes you!
You are splashed with acid!
* * * LOW HITPOINT WARNING * * *
The orc hits you but does no damage. Something hits you but does no damage.
You hear some strange, mumbled words.
A puff of flame appears from out of thin air!
The puff of flame hits you.
* * * LOW HITPOINT WARNING * * *
The orc hits you but does no damage. The jelly hits you but does no damage.
The gnoll hits you but does no damage. Something hits you but does no damage.
The gnoll barely misses you.
You feel better. Something hits you but does no damage.
The gnoll hits you from afar with a +0 halberd.
* * * LOW HITPOINT WARNING * * *
The gnoll barely misses you.
The orc hits you from afar with a +0 trident.
You die...

#.#.#.<......#.#
#.#.#.######.#)# #.#.#..
#....#.# ####
#.#.###.#..#.#.### .....
#.#.# .##.#...... .....
#.#.# .. #.#.###
......#.#.########.#.#
......#g#........>.#<###
.....gJ@)...#....###.##.
.....o){{...+....'...#+.
.....>.)....#....######.
..?....?....#....######.
###.........#..........[
...........#...........
............#...........
............#####.......
..###+####### #.......


You could see a jelly, 2 gnolls and an orc.

Vanquished Creatures
  The ghost of GiantSquids the Cleaver, a novice HOBe of Trog (D:6)
  The ghost of karrick the Cudgeller, a novice GrFi (D:5)
  Maggie (D:6)
  Menkaure (D:5)
  A water moccasin (D:6)
  A black bear (D:5)
  An ogre (D:5)
  An ice beast (D:6)
  2 bullfrogs
  Blork the orc (D:6)
  2 gnoll sergeants
  A scorpion (D:7)
  5 wights (D:6)
  3 howler monkeys (D:7)
  3 orc priests
  3 hounds
  A jelly (D:5)
  Jessica (D:2)
  A gnoll bouda (D:4)
  3 iguanas
  Ijyb (D:4)
  5 orc wizards
  Terence (D:3)
  7 adders
  12 gnolls
  2 ufetubi (D:6)
  3 worms
  4 dart slugs
  12 orcs
  5 ball pythons
  5 bats
  5 endoplasms
  3 giant cockroaches
  9 goblins
  5 hobgoblins
  8 jackals
  4 quokkas
  3 frilled lizards
  9 kobolds
  5 rats
142 creatures vanquished.

Notes
Turn   | Place    | Note
-------+----------+-------------------------------------------
     0 | D:1      | Sabo the Demonspawn Berserker began the quest for the Orb.
     0 | D:1      | Reached XP level 1. HP: 18/18 MP: 1/1
   391 | D:1      | Gained mutation: You may rarely emit foul miasma when
                  | damaged in melee. [demonic ancestry]
   391 | D:1      | Reached XP level 2. HP: 22/24 MP: 2/2
  1060 | D:2      | Reached XP level 3. HP: 29/29 MP: 3/3
  1119 | D:2      | Found a shadowy altar of Dithmenos.
  1275 | D:2      | Found a faded altar of an unknown god.
  1295 | D:2      | Reached ** piety under Trog
  1596 | D:2      | Noticed Jessica
  1608 | D:2      | Killed Jessica
  1609 | D:2      | Reached XP level 4. HP: 17/35 MP: 4/4
  2224 | D:3      | Found a broken altar of Ashenzari.
  2406 | D:3      | Found Cucub's Antique Weapon Boutique.
  2599 | D:3      | Noticed Terence
  2606 | D:3      | Killed Terence
  2607 | D:3      | Gained mutation: You are partially covered in icy blue
                  | scales. (AC +2) [demonic ancestry]
  2607 | D:3      | Reached XP level 5. HP: 34/41 MP: 5/5
  2615 | D:3      | Reached skill level 1 in Maces & Flails
  3008 | D:4      | Noticed Ijyb
  3013 | D:4      | Killed Ijyb
  3306 | D:4      | Reached XP level 6. HP: 28/47 MP: 6/6
  3613 | D:4      | Reached *** piety under Trog
  3833 | D:5      | Entered Level 5 of the Dungeon
  3836 | D:5      | Noticed Menkaure
  3841 | D:5      | Killed Menkaure
  3930 | D:5      | Reached XP level 7. HP: 33/54 MP: 7/7
  4523 | D:5      | Found a runed translucent door.
  4523 | D:5      | Noticed karrick's ghost (novice GrFi)
  4544 | D:5      | Killed karrick's ghost
  4545 | D:5      | Reached skill level 5 in Maces & Flails
  4545 | D:5      | Reached skill level 1 in Stealth
  4545 | D:5      | Reached XP level 8. HP: 60/60 MP: 8/8
  5124 | D:6      | Reached skill level 5 in Armour
  5202 | D:6      | Found a runed translucent door.
  5208 | D:6      | Found Gokkoiw's Lightly-Used Armoury.
  5222 | D:6      | You fall into a shaft and drop 1 floor!
  5282 | D:6      | Noticed Maggie
  5296 | D:6      | Killed Maggie
  5412 | D:6      | Reached skill level 5 in Fighting
  5478 | D:6      | Noticed GiantSquids's ghost (novice HOBe)
  5490 | D:6      | Killed GiantSquids's ghost
  5491 | D:6      | Reached XP level 9. HP: 68/68 MP: 9/9
  5861 | D:6      | Noticed Blork the orc
  5870 | D:6      | Killed Blork the orc
  5923 | D:6      | Found an iron altar of Okawaru.
  6256 | D:7      | Found a staircase to the Ecumenical Temple.
  6466 | D:7      | Reached **** piety under Trog
  6477 | D:7      | HP: 5/102 [something (4)]
  6482 | D:7      | HP: 3/68 [acid (9)]
  6482 | D:7      | HP: 1/68 [something/puff of flame (2)]
  6483 | D:7      | Slain by an orc

Illustrated notes

Levels and vault maps discovered:
D:1:      minmay_arrival_semitransparent, layout_basic
D:2:      layout_basic, basic_altar, hellmonk_ecumenical_altar_run_dry,
          uniq_jessica
D:3:      layout_loops_ring, mainiacjoe_overflow_24_doors, serial_shops, shop,
          uniq_terence
D:4:      layout_basic, uniq_ijyb
D:5:      layout_basic, gammafunk_ghost_grave, uniq_menkaure
D:6:      layout_basic, mainiacjoe_overflow_alcove_2,
          ebering_ghost_reflecting_pool, chequers_serial_rivers_large_a,
          minmay_shop_damaged, uniq_blork_the_orc, uniq_maggie
D:7:      layout_basic, minmay_temple_entry_purple_smoke,
          hellmonk_ghost_happy_afterlife

Skill      XL: |  1  2  3  4  5  6  7  8  9 |
---------------+----------------------------+-----
Axes           | 3 4 |  4.0
Armour         | 2 3 4 6 7 |  7.2
Dodging        | 2 3 |  3.0
Maces & Flails | 2 3 5 7 |  7.9
Fighting       | 4 5 |  5.3
Stealth        | 1 3 |  3.3
Throwing       | |  0.7
Evocations     | |  0.4

Action                   |  1- 3 |  4- 6 |  7- 9 || total
-------------------------+-------+-------+-------++-------
Melee: Hand axe          |   138 |       |       ||   138
       Punch             |     1 |     2 |     5 ||     8
       Club              |       |   105 |   197 ||   302
Throw: Dart              |       |     5 |     3 ||     8
Invok: Berserk           |     2 |     4 |     7 ||    13
Evoke: Wand              |       |       |     1 ||     1
  Use: Potion            |       |     1 |     3 ||     4
       Scroll            |       |     4 |     5 ||     9
 Stab: Paralysed         |       |       |     3 ||     3
Armor: Ring mail         |    42 |     4 |       ||    46
       Chain mail        |       |    30 |   126 ||   156
Dodge: Dodged            |    88 |    75 |   101 ||   264

Table legend: (Time is in decaauts)
 A = Elapsed time spent in this place.
 B = Non-inter-level travel time spent in this place.
 C = Inter-level travel time spent in this place.
 D = Time resting spent in this place.
 E = Time spent auto-exploring this place.
 F = Levels seen in this place.
 G = Mean time per level.
                   A        B        C        D        E       F      G
               +--------+--------+--------+--------+--------+-----+--------+
         Total |   6652 |   6652 |      0 |   1267 |      0 |   7 |  950.3 |
       Dungeon |   6652 |   6652 |      0 |   1267 |      0 |   7 |  950.3 |
               +--------+--------+--------+--------+--------+-----+--------+

Top non-repeatable levels by time:
     D:5: 1276 daAuts
     D:6: 1183 daAuts
     D:1: 1078 daAuts
     D:2: 1042 daAuts
     D:3: 947 daAuts
     D:4: 850 daAuts
     D:7: 272 daAuts
